 Dungeon Crawl Stone Soup version 0.30-a0-154-gb106f4c828 (webtiles) character file.

Game seed: 7216711385036291033

93 Decritt the Digger (level 4, 0/25 HPs)
             Began as a Gargoyle Earth Elementalist on Sept 27, 2022.
             Was an Initiate of Vehumet.
             Slain by a gnoll
             ... wielding a +0 flail
              (5 damage)
             ... on level 3 of the Dungeon.
             The game lasted 00:05:12 (2596 turns).

Decritt the Digger (Gargoyle Earth Elementalist)    Turns: 2596, Time: 00:05:13

Health: 0/25       AC:  6    Str: 11    XL:     4   Next: 62%
Magic:  4/7        EV: 12    Int: 18    God:    Vehumet [......]
Gold:   101        SH:  0    Dex: 10    Spells: 6/7 levels left

rFire   . . .      SeeInvis .    l - +0 sling (flame)
rCold   . . .      Faith    .    (no shield)
rNeg    + . .      Spirit   .    a - +0 robe
rPois   ∞          Reflect  .    (no helmet)
rElec   +          Harm     .    (no cloak)
rCorr   .          Rampage  .    e - +0 pair of gloves
Will    .....                    (no boots)
Stlth   ++........               (no amulet)
HPRegen 0.08/turn                (no ring)
MPRegen 0.10/turn                (no ring)

@: no status effects
A: sickness immunity, AC +3, negative energy resistance 1, electricity
resistance, torment resistance 1, petrification resistance
a: Renounce Religion


You were on level 3 of the Dungeon.
You worshipped Vehumet.
Vehumet was noncommittal.
You visited 1 branch of the dungeon, and saw 3 of its levels.

You collected 101 gold pieces.

Inventory:

Hand Weapons
 c - a +0 short sword
 i - a +0 dagger of venom
 l - a +0 sling of flaming (weapon)
Armour
 a - a +0 robe (worn)
 d - a +0 leather armour
 e - a +0 pair of gloves (worn)
Scrolls
 g - 2 scrolls of poison
 k - a scroll of blinking {unknown}
 m - 2 scrolls of fog {unknown}
Potions
 b - a potion of magic
 f - a potion of berserk rage {unknown}
 h - 2 potions of curing
 j - a potion of might
 n - a potion of attraction


   Skills:
 + Level 1.5 Fighting
 + Level 1.7 Armour
 + Level 2.1 Dodging
 - Level 2.1 Stealth
 + Level 2.4 Spellcasting
 + Level 1.4 Conjurations
 - Level 0.7 Transmutations
 + Level 4.1 Earth Magic


You had 6 spell levels left.
You knew the following spells:

 Your Spells              Type           Power      Damage    Failure   Level
a - Sandblast             Erth           34%        2d9       3%          1

Your spell library contained the following spells:

 Spells                   Type           Power      Damage    Failure   Level
 Magic Dart               Conj           28%        1d4       10%         1
 Passwall                 Tmut/Erth      9%         N/A       10%         2
 Searing Ray              Conj           14%        2d5       14%         2
 Stone Arrow              Conj/Erth      24%        3d8       17%         3
 Petrify                  Tmut/Erth      11%        N/A       54%         4
 Fulminant Prism          Conj/Hex       2%         3d6       78%         4


Dungeon Overview and Level Annotations

Branches:
Dungeon (3/15)

Altars:
Vehumet
Zin

Portals:
Sewer: D:3


Innate Abilities, Weirdness & Mutations

You are immune to sickness and miasma.
Your stone body is resilient. (AC +3)
You are immune to poison.
You resist negative energy. (rN+)
You are resistant to electric shocks. (rElec)
You are resistant to unholy torment.
You are immune to petrification.


Message History

You shoot a sling bullet.
The sling bullet barely misses the gnoll. x2
The sling bullet barely misses the ball python.
The gnoll hits you from afar with a +0 halberd.
A gnoll comes into view. It is wielding a +0 flail.
The gnoll closely misses you.
You shoot a sling bullet. The sling bullet hits the gnoll.
The sling bullet burns the gnoll.
The gnoll is almost dead.
The gnoll hits you from afar with a +0 halberd!
* * * LOW HITPOINT WARNING * * *
Casting: Sandblast (safe; 3% risk of failure)
Confirm with . or Enter, or press ? or * to list all spells.
Aiming: Sandblast (safe; 3% risk of failure)
Press: ? - help, Shift-Dir - straight line, f/p - gnoll
Aim: a gnoll, wielding a +0 halberd (almost dead, 84% to hit)
The blast of sand hits the gnoll.
You kill the gnoll!
Vehumet accepts your kill.
You shoot a sling bullet. The sling bullet hits the ball python.
The sling bullet burns the ball python.
You kill the ball python!
Vehumet accepts your kill.
You shoot a sling bullet.
The sling bullet hits the giant cockroach.
The sling bullet burns the giant cockroach.
You kill the giant cockroach!
Vehumet accepts your kill.
Casting: Sandblast (safe; 3% risk of failure)
Confirm with . or Enter, or press ? or * to list all spells.
Aiming: Sandblast (safe; 3% risk of failure)
Press: ? - help, Shift-Dir - straight line, f - gnoll
Aim: a gnoll, wielding a +0 flail (84% to hit)
The blast of sand hits the gnoll.
The gnoll is moderately wounded.
The gnoll hits you but does no damage. The gnoll hits you with a +0 flail!
* * * LOW HITPOINT WARNING * * *
The gnoll attacks as you move away! The gnoll hits you with a +0 flail.
You die...

*,,,,,* *,,,,,,,,,*
*,,,,,
*,,,,,***,,,,,,,,,*
*,,,,,
*,,<,,**,,,,,,,,,,*
*,,,,,
*,,,.,,,,,,,,,,,,,*
*,,,~~
*,,,...,,**********
*.$~~~ ****,#...#######
**..~~∩
*>,,,+....)g.r.######
*,..~~~
***,***#...#####g##...#
##+...~~ *,,,* #.,,*
#@##...# #......[ *,***
*,,,*
#..'...####.......
*,,,****,,,*
####......#†....#*
***,*,,,,,,*
#...##....#***
,,*,+,,,,,,*
#...###<..##
*,***,,,,*** *****#...#
##...### *,* *,,,,*
*,,,.....# ###...#
*,***,,,,* *,,)...###
###.# *,,,,,,,,*
*,.....# #.#


You could see a gnoll and a rat.

Vanquished Creatures
  2 gnolls (D:3)
  An adder (D:3)
  A worm (D:2)
  A dart slug (D:1)
  5 ball pythons
  4 endoplasms
  4 giant cockroaches
  4 goblins
  4 hobgoblins
  10 kobolds
  3 quokkas (D:1)
  11 bats
  A frilled lizard (D:1)
  4 rats
55 creatures vanquished.

Notes
Turn   | Place    | Note
-------+----------+-------------------------------------------
     0 | D:1      | Decritt the Gargoyle Earth Elementalist began the quest for
                  | the Orb.
     0 | D:1      | Reached XP level 1. HP: 10/10 MP: 3/3
   151 | D:1      | Reached XP level 2. HP: 12/16 MP: 0/5
   501 | D:1      | Reached skill level 1 in Armour
   877 | D:1      | Reached XP level 3. HP: 20/20 MP: 4/6
  1423 | D:2      | Reached skill level 1 in Fighting
  1473 | D:2      | Found a faded altar of an unknown god.
  1482 | D:2      | Reached skill level 1 in Conjurations
  1880 | D:2      | Reached skill level 4 in Earth Magic
  1894 | D:2      | Found a glowing silver altar of Zin.
  2265 | D:2      | Reached XP level 4. HP: 20/25 MP: 7/7
  2478 | D:3      | Found a radiant altar of Vehumet.
  2497 | D:3      | Became a worshipper of Vehumet
  2514 | D:3      | Found a glowing drain.
  2596 | D:3      | Slain by a gnoll

Illustrated notes

Levels and vault maps discovered:
D:1:      co_arrival_random_square_maze, layout_basic, serial_forest,
          infiniplex_forest_lined_ring, infiniplex_forest_lined_room_3,
          infiniplex_forest_straight_3, infiniplex_forest_lined_2,
          infiniplex_forest_lined_2, infiniplex_forest_end_2,
          kennysheep_crisscross, minmay_close_crescents
D:2:      layout_loops_corners, basic_altar,
          hellmonk_ecumenical_altar_leap_of_faith
D:3:      layout_basic, overflow_temple_1_default, mainiacjoe_overflow_paths,
          portal_sewer_entry_a, minmay_hedge_maze

Skill      XL: |  1  2  3 |
---------------+----------+-----
Armour         | 1 |  1.7
Fighting       | 1 |  1.5
Dodging        | 2 |  2.1
Conjurations   | 1 |  1.4
Earth Magic    | 4 |  4.1
Stealth        | |  2.1
Spellcasting   | |  2.4
Transmutations | |  0.7

Action                   |  1- 3 |  4- 6 || total
-------------------------+-------+-------++-------
Melee: Short sword       |     3 |       ||     3
       Unarmed           |     1 |       ||     1
       Dagger            |    13 |       ||    13
 Fire: Sling             |    27 |    33 ||    60
 Cast: Sandblast         |    44 |     8 ||    52
  Use: Scroll            |       |     6 ||     6
Armor: Robe              |    21 |     3 ||    24
Dodge: Dodged            |    27 |     9 ||    36

Table legend: (Time is in decaauts)
 A = Elapsed time spent in this place.
 B = Non-inter-level travel time spent in this place.
 C = Inter-level travel time spent in this place.
 D = Time resting spent in this place.
 E = Time spent auto-exploring this place.
 F = Levels seen in this place.
 G = Mean time per level.
                   A        B        C        D        E       F      G
               +--------+--------+--------+--------+--------+-----+--------+
         Total |   2643 |   2595 |     48 |     45 |   2113 |   3 |  881.0 |
       Dungeon |   2643 |   2595 |     48 |     45 |   2113 |   3 |  881.0 |
               +--------+--------+--------+--------+--------+-----+--------+

Top non-repeatable levels by time:
     D:1: 1240 daAuts
     D:2: 1118 daAuts
     D:3: 285 daAuts
